 Dungeon Crawl Stone Soup version 0.17.1-3-g152610e (webtiles) character file.

34636 pipel the Martial Artist (level 13, -11/72 HPs)
             Began as a Vine Stalker Monk on Mar 19, 2016.
             Was the Champion of Cheibriados.
             Mangled by a tentacle (14 damage)
             ... attached to a kraken
             ... on level 1 of the Shoals.
             The game lasted 01:25:04 (5308 turns).

pipel the Martial Artist (Vine Stalker Monk)        Turns: 5308, Time: 01:25:04

Health: -11/72     AC: 15    Str: 40    XL:     13   Next: 78%
Magic:  0/18       EV: 29    Int: 28    God:    Cheibriados [******]
Gold:   590        SH:  0    Dex: 38    Spells: 3 memorised, 8 levels left

rFire  x . .     SeeInvis +     b - +1 blowgun
rCold  . . .     Rnd*Rage +     J - +1 leather armour of Noughts and Crosses {-Cast rF- Str+10}
rNeg   . . .     SustAt   .     (no shield)
rPois  +         Gourm    .     L - +2 helmet {Int+3}
rElec  .         Spirit   +     e - +1 cloak {rPois}
rCorr  .         Warding  .     f - +2 pair of gloves
rMut   .         Stasis   .     a - +2 pair of boots {Fly}
MR     +....     NoCast   +     (no amulet)
Stlth  +++.......               C - ring of see invisible
                                (no ring)

@: flying, very slow, somewhat resistant to hostile enchantments, fairly
stealthy
A: fangs 3, agile 1, berserk 1, regeneration 3, magic shield, antimagic bite, no
device heal 3, rot immunity, subdued magic 1
a: Bend Time, Temporal Distortion, Slouch, Step From Time, Renounce Religion,
Stop Flying


You were on level 1 of the Shoals.
You worshipped Cheibriados.
Cheibriados was exalted by your worship.
You were not hungry.

You visited 5 branches of the dungeon, and saw 23 of its levels.
You also visited: Labyrinth.

You collected 590 gold pieces.

Inventory:

Hand Weapons
 b - a +1 blowgun (weapon)
 d - the +5 dagger of the Nexus {pierce, rF+ Stlth+}
   (You found it on level 1 of the Lair of Beasts)

   It inflicts extra damage upon your enemies.
   It protects you from fire.
   It makes you more stealthy.
 A - the +2 long sword of Dusm {drain, +Inv Int+2 Dex+3, unknown}
   (You took it off a minotaur in a labyrinth)

   A truly terrible weapon, it drains the life of those it strikes.
   It affects your intelligence (+2).
   It affects your dexterity (+3).
   It lets you turn invisible.
Missiles
 m - 30 poisoned needles
 v - a throwing net
 x - 6 curare-tipped needles (quivered)
 z - 7 tomahawks
 D - 6 needles of sleeping
 S - 6 tomahawks of returning
 W - 2 javelins
Armour
 a - a +2 pair of boots of flying (worn)
 e - a +1 cloak of poison resistance (worn)
 f - a +2 pair of gloves (worn)
 j - a +0 ring mail
 l - a +0 robe
 s - a +3 leather armour
 w - a +3 ring mail of magic resistance
 G - a +1 hat
 J - the +1 leather armour of Noughts and Crosses (worn) {-Cast rF- Str+10}
   (You found it on level 2 of the Lair of Beasts)

   It affects your strength (+10).
   It makes you vulnerable to fire.
   It prevents spellcasting.
 L - a +2 helmet of intelligence (worn)
 Q - a +0 pair of boots
Magical Staves
 M - an uncursed staff of fire
Jewellery
 g - an uncursed ring of wizardry
 o - an uncursed ring of ice
 C - a ring of see invisible (right hand)
 U - the ring of the Illusory Runes {Ice +Fly rN+ Dex+2}
   (You found it on level 7 of the Lair of Beasts)

   [ring of ice]

   It enhances your ice magic, and weakens your fire magic.
   It affects your dexterity (+2).
   It makes you vulnerable to fire.
   It protects you from cold.
   It protects you from negative energy.
   It lets you fly.
Wands
 r - a wand of draining (0)
 t - a wand of cold (8)
 y - a wand of frost (0)
 I - a wand of digging (14)
 K - a wand of fireball (11)
 X - a wand of disintegration (8)
Scrolls
 k - 2 scrolls of fog
 n - 5 scrolls of teleportation
 B - a scroll of amnesia
 H - 2 scrolls of holy word
Potions
 c - a potion of magic
 u - 2 potions of brilliance
 R - 3 potions of curing
 T - a potion of ambrosia
 V - a potion of degeneration {unknown}
Books
 p - a book of Beasts

   Spells                             Type                      Level
   a - Summon Butterflies             Summoning                    1
   b - Call Canine Familiar           Summoning                    3
   c - Summon Ice Beast               Ice/Summoning                4
   d - Summon Mana Viper              Hexes/Summoning              5
   e - Summon Hydra                   Summoning                    7
 q - a book of Battle

   Spells                             Type                      Level
   a - Infusion                       Charms                       1
   b - Shroud of Golubria             Charms/Translocation         2
   c - Song of Slaying                Charms                       2
   d - Spectral Weapon                Hexes/Charms                 3
   e - Regeneration                   Charms/Necromancy            3
Miscellaneous
 N - a plain deck of changes {the Alchemist}
 O - a disc of storms
 Y - a sack of spiders
 Z - a plain deck of defence
Comestibles
 h - a meat ration
 i - 3 beef jerkies
 E - 5 bread rations
 F - 8 fruits


   Skills:
 + Level 9.9 Fighting
 - Level 0.3 Throwing
 - Level 2.3 Armour
 + Level 12.1 Dodging
 - Level 2.6 Stealth
 + Level 13.3 Unarmed Combat
 - Level 1.0 Spellcasting
 - Level 3.0 Charms
 - Level 1.4 Summonings
 - Level 2.4 Necromancy
 - Level 0.6 Translocations
 - Level 5.6 Invocations
 - Level 0.1 Evocations


You had 8 spell levels left.
You knew the following spells:

 Your Spells              Type           Power        Failure   Level  Hunger
b - Summon Butterflies    Summ           #.......     3%          1    ##.....
r - Regeneration          Chrm/Necr      ##........   5%          3    ####...
s - Shroud of Golubria    Chrm/Tloc      #.........   4%          2    ###....


Dungeon Overview and Level Annotations

Branches:
Dungeon (12/15)            Temple (1/1) D:7            Lair (8/8) D:11
 Shoals (1/4) Lair:6       Spider (1/4) Lair:3        Slime (0/6) Lair:8
    Orc: D:9-12

Altars:
Cheibriados
Dithmenos
Elyvilon
Fedhas
Gozag
Kikubaaqudgha
Makhleb
Nemelex Xobeh
Okawaru
Qazlal
Ru
Trog
Yredelemnul
The Shining One
Jiyva
Lugonu

Shops:
D:6 :

Annotations:
D:4 Robin
Lair:6 oklobs scrolls, exclusion: 5 oklob plants


Innate Abilities, Weirdness & Mutations

You have razor-sharp teeth.
You regenerate.
When hurt, damage is shared between your health and your magic reserves.
Your bite disrupts and absorbs the magic of your enemies.
Potions and wands cannot restore your health.
You are immune to rotting.
You are agile. (Dex +2)
You tend to lose your temper in combat.
Your spells are a little easier to cast, but a little less powerful.


Message History

* * * LOW HITPOINT WARNING * * *
The tentacle slaps you!!
* * * LOW HITPOINT WARNING * * *
The tentacle misses you. The tentacle completely misses you.
Unknown command.
Read which item? (? for menu, Esc to quit)
Okay, then.
Firing (i - inventory. (,) - cycle):
x - 7 curare-tipped needles (quivered)
Press: ? - help, Shift-Dir - straight line, f - kraken
Aim: a kraken (water, moderately wounded)
You shoot a curare-tipped needle.
The curare-tipped needle hits the kraken.
The kraken is poisoned.
The kraken convulses.
The kraken seems to slow down.
The kraken is heavily wounded.
You hear a splash.
The tentacle slaps you but does no damage. x2
The kraken bites you.
* * * LOW HITPOINT WARNING * * *
The tentacle slaps you!
You die...

≈≈.......### .≈≈≈.#
........##
#.≈≈≈.....≈. #####...#
#.≈≈≈≈≈≈≈.≈.
#...#####.≈≈≈≈≈≈≈...
##....##..≈≈≈≈≈≈....
##.≈≈....≈≈≈≈≈≈.....
#..≈≈≈≈≈≈≈≈≈≈≈≈≈≈≈..
#...≈≈≈≈≈≈≈≈≈≈w≈≈≈≈≈.
..###.≈≈≈≈≈≈≈w@w≈≈≈≈≈.
≈.# ##.≈≈≈≈≈≈≈Xw≈≈≈≈≈.
≈. #.≈≈≈≈≈≈≈≈≈≈≈≈≈≈≈.
..≈≈≈≈≈≈≈≈≈≈≈≈≈≈≈≈≈
≈≈≈≈≈≈≈≈≈≈≈≈≈≈≈≈≈≈≈≈
≈≈≈≈≈≈≈≈≈≈≈≈≈≈≈≈≈≈≈≈
≈≈≈≈≈≈≈≈≈≈≈≈≈≈≈≈≈≈≈≈
≈≈≈≈≈≈≈≈≈≈≈≈≈≈≈≈≈≈≈
≈≈≈≈≈≈≈≈≈≈≈≈≈≈≈≈≈


You could see a kraken and 4 tentacles.

Vanquished Creatures
  Kirke (Lair:6)
  A minotaur (Lab)
  Harold (D:10)
  5 hydras
  A queen ant (Lair:3)
  A catoblepas (Lair:8)
  A deep troll shaman (Lair:8)
  4 death yaks (Lair:8)
  Sonja (Lair:3)
  A lindwurm (Lair:8)
  3 sirens (Lair:6)
  4 elephants (Lair:8)
  Maurice (D:9)
  A gargoyle (D:11)
  3 black mambas
  A torpor snail (Lair:7)
  A centaur skeleton (D:11)
  7 spiny frogs
  3 komodo dragons
  A merfolk (Lair:6)
  2 polar bears (Lair:8)
  A blink frog (Lair:1)
  32 yaks
  3 basilisks
  2 redbacks (Spider:1)
  A tarantella (Spider:1)
  3 wyverns
  2 hippogriffs
  3 hogs (Lair:6)
  Grum (D:11)
  5 soldier ants (Lair:3)
  14 wolves
  7 porcupines
  2 wargs (D:11)
  2 phantoms
  2 sky beasts (D:10)
  3 black bears
  8 spiders (Lair:3)
  6 water moccasins
  An eye of draining (D:11)
  3 orc warriors (D:8)
  An ogre (D:9)
  8 crocodiles
  A gnoll sergeant (D:7)
  5 giant frogs
  A scorpion (D:4)
  3 killer bees (D:9)
  4 lava snakes (Lab)
  A wasp zombie (D:11)
  A centaur zombie (D:9)
  An orc priest (D:11)
  8 iguanas
  4 orc wizards
  A killer bee zombie (D:9)
  25 worker ants
  A hound skeleton (D:4)
  3 gnolls (D:7)
  14 river rats
  7 adders
  A shadow imp (D:10)
  An ooze (D:3)
  An adder zombie (D:9)
  A worm (D:3)
  24 orcs
  10 goblins
  2 hobgoblins
  A jackal (D:11)
  A quokka (D:4)
  3 bats
  A giant cockroach (D:3)
  3 giant geckos
  2 giant newts
  A jackal skeleton (D:8)
  3 kobolds
  A rat (D:3)
290 creatures vanquished.

Vanquished Creatures (others)
  2 humans (Lair:6)
  3 fungi
  A plant (Lair:8)
  A tentacle (Shoals:1)
  68 tentacle segments (Shoals:1)
75 creatures vanquished.

Grand Total: 365 creatures vanquished

Notes
Turn   | Place    | Note
--------------------------------------------------------------
     0 | D:1      | pipel the Vine Stalker Monk began the quest for the Orb.
     0 | D:1      | Reached XP level 1. HP: 11/11 MP: 2/2
   191 | D:3      | Noticed a scorpion
   259 | D:4      | Noticed Robin
   272 | D:3      | Reached XP level 2. HP: 8/16 MP: 3/3
   280 | D:3      | Reached XP level 3. HP: 1/20 MP: 1/4
   475 | D:4      | Reached XP level 4. HP: 24/24 MP: 5/5
   543 | D:4      | Noticed an iguana
   569 | D:4      | Killed an iguana
   581 | D:4      | Noticed a scorpion
   589 | D:4      | Killed a scorpion
   589 | D:4      | Reached skill level 5 in Unarmed Combat
   589 | D:4      | Reached XP level 5. HP: 28/28 MP: 6/6
   660 | D:4      | Found a sparkling altar of Nemelex Xobeh.
   721 | D:5      | Entered Level 5 of the Dungeon
   776 | D:6      | Found Tyhoddac's Book Boutique.
   855 | D:7      | Reached skill level 1 in Armour
   855 | D:7      | Gained mutation: You heal very quickly. [Vine Stalker growth]
   855 | D:7      | Reached XP level 6. HP: 32/32 MP: 7/7
   876 | D:7      | Found a staircase to the Ecumenical Temple.
  1061 | D:8      | Noticed a hippogriff
  1074 | D:8      | Killed a hippogriff
  1074 | D:8      | Reached XP level 7. HP: 26/37 MP: 6/8
  1190 | Temple   | Entered the Ecumenical Temple
  1226 | D:8      | Found a blossoming altar of Fedhas.
  1325 | D:8      | Reached skill level 6 in Unarmed Combat
  1469 | D:8      | Found a snail-covered altar of Cheibriados.
  1474 | D:8      | Became a worshipper of Cheibriados the Contemplative
  1474 | D:8      | Reached * piety under Cheibriados
  1474 | D:8      | Reached ** piety under Cheibriados
  1480 | D:8      | Found a shadowy altar of Dithmenos.
  1519 | D:9      | Reached skill level 1 in Invocations
  1554 | D:9      | Noticed a wyvern
  1566 | D:9      | Killed a wyvern
  1566 | D:9      | Gained mutation: You have razor-sharp teeth. [Vine Stalker growth]
  1566 | D:9      | Reached XP level 8. HP: 40/42 MP: 8/10
  1594 | D:9      | Reached skill level 5 in Dodging
  1657 | D:9      | Noticed a wyvern
  1667 | D:9      | Killed a wyvern
  1724 | D:9      | Reached skill level 7 in Unarmed Combat
  1745 | D:10     | Entered Level 10 of the Dungeon
  1755 | D:10     | Reached skill level 5 in Fighting
  1789 | D:10     | Reached XP level 9. HP: 41/47 MP: 10/12
  1791 | D:11     | Noticed a gargoyle
  1803 | D:11     | Killed a gargoyle
  1898 | D:9      | Noticed Maurice
  1912 | D:9      | Killed Maurice
  1912 | D:9      | Reached skill level 8 in Unarmed Combat
  1967 | D:10     | Noticed Harold
  1999 | D:10     | Killed Harold
  2079 | D:10     | Reached *** piety under Cheibriados
  2079 | D:10     | Reached XP level 10. HP: 53/53 MP: 14/14
  2083 | D:10     | Gained mutation: Your spells are a little easier to cast, but a little less powerful. [mutagenic meat]
  2084 | D:10     | Gained mutation: You tend to lose your temper in combat. [mutagenic meat]
  2085 | D:10     | Gained mutation: You are agile. (Dex +2) [mutagenic meat]
  2090 | D:10     | Learned a level 1 spell: Summon Butterflies
  2113 | D:10     | Reached skill level 5 in Invocations
  2198 | D:11     | Noticed Grum
  2206 | D:10     | Reached skill level 9 in Unarmed Combat
  2216 | D:11     | Killed Grum
  2325 | D:11     | Found a burning altar of Makhleb.
  2328 | D:11     | Noticed a centaur skeleton
  2333 | D:11     | Killed a centaur skeleton
  2398 | D:11     | Found a staircase to the Lair.
  2442 | D:11     | Reached skill level 1 in Summonings
  2494 | Lair:1   | Entered Level 1 of the Lair of Beasts
  2535 | Lair:2   | Learned a level 3 spell: Regeneration
  2565 | Lair:2   | Learned a level 2 spell: Shroud of Golubria
  2653 | Lair:1   | Reached skill level 1 in Charms
  2668 | Lair:1   | Reached **** piety under Cheibriados
  2694 | Lair:1   | Got a brightly glowing dagger
  2695 | Lair:1   | Identified the +5 dagger of the Nexus {pierce, rF+ Stlth+} (You found it on level 1 of the Lair of Beasts)
  2769 | Lair:2   | Reached skill level 1 in Necromancy
  2803 | Lair:3   | Noticed a six-headed hydra
  2810 | Lair:3   | Killed a six-headed hydra
  2810 | Lair:3   | Reached XP level 11. HP: 39/58 MP: 16/16
  2827 | Lair:3   | Reached skill level 10 in Unarmed Combat
  2850 | Lair:2   | Reached skill level 1 in Spellcasting
  3041 | Lair:2   | Got a heavily runed leather armour
  3139 | Lair:3   | Found a labyrinth entrance.
  3148 | Lab      | Entered a labyrinth
  3545 | Lab      | Noticed a minotaur
  3560 | Lab      | Killed a minotaur
  3565 | Lab      | Got a smoking long sword {drain}
  3576 | Lab      | Identified the cursed +1 leather armour of Noughts and Crosses {-Cast rF- Str+10} (You found it on level 2 of the Lair of Beasts)
  3613 | Lair:3   | Reached ***** piety under Cheibriados
  3629 | Lair:3   | Noticed a queen ant
  3655 | Lair:3   | Killed a queen ant
  3769 | Lair:3   | Found a hole to the Spider Nest.
  3784 | Spider:1 | Entered Level 1 of the Spider Nest
  3933 | Lair:3   | Noticed Sonja
  3939 | Lair:3   | Killed Sonja
  3939 | Lair:3   | Reached skill level 11 in Unarmed Combat
  4061 | Lair:4   | Gained mutation: You regenerate. [Vine Stalker growth]
  4061 | Lair:4   | Reached XP level 12. HP: 64/64 MP: 17/17
  4248 | Lair:6   | Noticed a five-headed hydra
  4253 | Lair:6   | Killed a five-headed hydra
  4260 | Lair:6   | Noticed Kirke
  4265 | Lair:6   | Noticed a sphinx
  4269 | Lair:6   | Killed Kirke
  4269 | Lair:6   | Reached skill level 10 in Dodging
  4347 | Lair:6   | Reached ****** piety under Cheibriados
  4383 | Lair:6   | Reached skill level 12 in Unarmed Combat
  4533 | Lair:7   | Noticed a seven-headed hydra
  4542 | Lair:7   | Killed a seven-headed hydra
  4571 | Lair:7   | Got a warped glass ring
  4572 | Lair:7   | Identified the ring of the Illusory Runes {Ice +Fly rN+ Dex+2} (You found it on level 7 of the Lair of Beasts)
  4579 | Lair:8   | Entered Level 8 of the Lair of Beasts
  4676 | Lair:7   | Reached XP level 13. HP: 70/70 MP: 18/18
  4717 | Lair:8   | Found a viscous altar of Jiyva.
  4717 | Lair:8   | Found a staircase to the Slime Pits.
  4818 | Lair:8   | Noticed an eight-headed hydra
  4829 | Lair:8   | Killed an eight-headed hydra
  5011 | Lair:8   | Noticed a catoblepas
  5011 | Lair:8   | Noticed a death yak
  5011 | Lair:8   | Noticed a death yak
  5012 | Lair:8   | Noticed a death yak
  5012 | Lair:8   | Noticed a death yak
  5022 | Lair:8   | Killed a catoblepas
  5030 | Lair:8   | Killed a death yak
  5033 | Lair:8   | Killed a death yak
  5037 | Lair:8   | Killed a death yak
  5042 | Lair:8   | Killed a death yak
  5042 | Lair:8   | Reached skill level 13 in Unarmed Combat
  5049 | Lair:8   | Noticed a deep troll shaman
  5068 | Lair:8   | Killed a deep troll shaman
  5248 | Lair:6   | Noticed a four-headed hydra
  5254 | Lair:6   | Killed a four-headed hydra
  5261 | Lair:6   | Found a staircase to the Shoals.
  5282 | Shoals:1 | Entered Level 1 of the Shoals
  5298 | Shoals:1 | Noticed a kraken
  5307 | Shoals:1 | HP: 3/72 [tentacle[a kraken] (15)]
  5308 | Shoals:1 | Mangled by a tentacle

Action                   |  1- 3 |  4- 6 |  7- 9 | 10-12 | 13-15 || total
-------------------------+-------+-------+-------+-------+-------++-------
Melee: Unarmed           |    75 |    35 |   133 |   407 |   140 ||   790
       Dagger            |       |       |       |     6 |       ||     6
 Fire: Blowgun           |     2 |    39 |    48 |    16 |     4 ||   109
Throw: Stone             |       |       |     8 |     7 |       ||    15
       Throwing net      |       |       |       |     3 |       ||     3
 Cast: Summon Butterflie |       |       |       |     2 |       ||     2
       Regeneration      |       |       |       |     5 |       ||     5
       Shroud of Golubri |       |       |       |     1 |       ||     1
Invok: Slouch            |       |       |       |     3 |       ||     3
Evoke: Wand              |       |       |     2 |    14 |     1 ||    17
  Use: Scroll            |       |       |     6 |     9 |     6 ||    21
       Potion            |       |       |       |     5 |       ||     5
 Stab: Sleeping          |       |     3 |    12 |    21 |     2 ||    38
       Distracted        |       |     1 |       |     2 |     2 ||     5
       Petrified         |       |       |       |       |     3 ||     3
  Eat: Chunk             |       |       |     3 |     6 |       ||     9
       Bread ration      |       |       |       |     1 |       ||     1
       Meat ration       |       |       |       |       |     1 ||     1
       Royal jelly       |       |       |       |       |     1 ||     1
